 Dungeon Crawl Stone Soup version 0.32-a0-910-gd49a5c6 (webtiles) character file.

Game seed: 17312391208444306723

62 sdynet the Trooper (level 4, 0/35 HPs)
             Began as a Formicid Warper on Apr 7, 2024.
             Was an Initiate of Hepliaklqana.
             Killed from afar by Ijyb (7 damage)
             ... with a puff of flame
             ... on level 3 of the Dungeon.
             The game lasted 00:06:42 (1665 turns).

sdynet the Trooper (Formicid Warper)                Turns: 1665, Time: 00:06:43

Health: 0/35       AC:  3    Str: 15    XL:     4   Next: 28%
Magic:  8/8        EV: 10    Int: 15    God:    Hepliaklqana [......]
Gold:   49         SH:  0    Dex: 13    Spells: 3/8 levels left

rFire   . . .        a - +0 quarterstaff
rCold   . . .        (no shield)
rNeg    . . .        b - +0 leather armour
rPois   .            (helmet unavailable)
rElec   .            (cloak currently unavailable)
rCorr   .            (gloves currently unavailable)
SInv    +            (boots currently unavailable)
Will    .....        (no amulet)
Stlth   +            h - +4 ring of slaying
HPRegen 0.25/turn    (no ring)
MPRegen 0.11/turn

%: no passive effects
@: beast-form
A: beast (slay +0), permanent stasis, dig shafts and tunnels, antennae 3, four
strong arms
a: Dig, Shaft Self, Begin Untransformation, Renounce Religion


You were on level 3 of the Dungeon.
You worshipped Hepliaklqana.
Hepliaklqana was noncommittal.
You were a hulking beast.
You visited 1 branch of the dungeon, and saw 3 of its levels.

You collected 49 gold pieces.

Inventory:

Hand Weapons
 a - a +0 quarterstaff (weapon)
 g - a +0 trident
 k - a +0 spear
Missiles
 c - a dart of dispersal (quivered)
 i - 5 javelins
Armour
 b - a +0 leather armour (worn)
 m - a +0 pair of gloves
Jewellery
 h - a +4 ring of slaying (left hand)
Talismans
 j - a beast talisman (active)
Scrolls
 f - a scroll of torment {unknown}
 l - a scroll of fog {unknown}
Potions
 d - 2 potions of mutation
 e - a potion of curing {!q}


   Skills:
 - Level 3.0 Fighting
 - Level 2.0 Polearms
 - Level 1.0 Throwing
 - Level 1.1 Armour
 - Level 1.7 Dodging
 - Level 1.0 Stealth
 - Level 2.8 Spellcasting
 - Level 2.6 Translocations
 - Level 1.3 Ice Magic
 + Level 1.6 Shapeshifting


You had 3 spell levels left.
You knew the following spells:

 Your Spells              Type           Power      Damage    Failure   Level
a - Lesser Beckoning      Tloc           20%        N/A       13%         2
b - Frozen Ramparts       Ice            12%        1d2       41%         3

Your spell library contained the following spells:

 Spells                   Type           Power      Damage    Failure   Level
 Teleport Other           Tloc           10%        N/A       26%         3
 Ozocubu's Armour         Ice            6%         N/A       41%         3
 Summon Blazeheart Golem  Fire/Summ      2%         N/A       94%         4
 Plasma Beam              Fire/Air       1%         2x1d11    100%        6
 Blink                    Tloc           Unusable   N/A       N/A         2
 Maxwell's Portable Pile  Tloc           Unusable   2d(6-16)  N/A         3
 Vhi's Electric Charge    Tloc/Air       Unusable   N/A       N/A         4

Dungeon Overview and Level Annotations

Branches:
Dungeon (3/15)

Altars:
Hepliaklqana

Annotations:
D:3 Grinder, Ijyb


Innate Abilities, Weirdness & Mutations

You are a hulking beast.
Your limbs bulge with bestial killing power. (Slay +0)
You cannot be hasted, slowed, berserked, paralysed or teleported.
You can dig through walls and to a lower floor.
You have a pair of large antennae on your head. (SInv)
Your four strong arms can wield two-handed weapons with a shield.


Message History

Here: Ijyb, wielding a +0 club, wearing a +4 ring mail of cold resistance and carrying a wand of flame The floor.
Ijyb zaps a wand.
The puff of flame hits you!
Okay, then.
You hit Ijyb but do no damage. Ijyb closely misses you.
Okay, then.
You barely miss Ijyb. Ijyb hits you with a +0 club. Ijyb barely misses you.
You hit Ijyb.
Ijyb is lightly wounded.
Ijyb barely misses you.
You thump Ijyb!
Ijyb is moderately wounded.
Ijyb barely misses you.
You barely miss Ijyb.
Ijyb is moderately wounded.
Ijyb closely misses you.
You hit Ijyb.
Ijyb is heavily wounded.
Ijyb hits you with a +0 club. x2
You hit Ijyb but do no damage.
Ijyb is heavily wounded.
Ijyb screams, "I no like you!" Ijyb hits you with a +0 club.
You barely miss Ijyb.
Ijyb is heavily wounded.
Ijyb hits you with a +0 club.
You hit Ijyb.
Ijyb is severely wounded.
Ijyb zaps a wand.
The puff of flame misses you.
You barely miss Ijyb.
Ijyb is severely wounded.
Ijyb hits you with a +0 club.
You barely miss Ijyb.
Ijyb is severely wounded.
Ijyb hits you with a +0 club.
* * * LOW HITPOINT WARNING * * *
Ijyb zaps a wand.
The puff of flame hits you!
You die...
Ijyb screams, "Time for next experiment!"
Hepliaklqana delivers you to your ancestors.

##...##
##.....##
##.......##
#......!..#
+.........+
#....<....#
##...$...##
##....g##
##..h#.....
##+##.####
# {


You could see Ijyb.

Vanquished Creatures
  3 adders (D:2)
  A dart slug (D:2)
  2 ribbon worms (D:2)
  3 endoplasms
  A giant cockroach (D:2)
  A goblin (D:1)
  A hobgoblin (D:2)
  2 jackals (D:1)
  2 ball pythons
  4 bats
  4 frilled lizards
  4 kobolds
  6 rats
34 creatures vanquished.

Notes
Turn   | Place    | Note
-------+----------+-------------------------------------------
     0 | D:1      | sdynet the Formicid Warper began the quest for the Orb.
     0 | D:1      | Reached XP level 1. HP: 16/16 MP: 3/3
   197 | D:1      | Got Xoihes's Compilation of Comburant Ice
   257 | D:1      | Reached skill level 1 in Stealth
   321 | D:1      | Reached XP level 2. HP: 23/23 MP: 5/5
   326 | D:1      | Learned a level 2 spell: Lesser Beckoning
   600 | D:1      | Reached skill level 3 in Fighting
   993 | D:2      | Reached XP level 3. HP: 21/29 MP: 6/6
  1041 | D:2      | Learned a level 3 spell: Frozen Ramparts
  1079 | D:2      | Reached skill level 1 in Ice Magic
  1294 | D:2      | Reached skill level 1 in Shapeshifting
  1294 | D:2      | Reached XP level 4. HP: 35/35 MP: 6/8
  1460 | D:2      | Found a hazy altar of Hepliaklqana.
  1490 | D:2      | Became a worshipper of Hepliaklqana the Forgotten
  1612 | D:3      | Noticed Grinder
  1651 | D:3      | Noticed Ijyb
  1665 | D:3      | Killed from afar by Ijyb

Illustrated notes

Levels and vault maps discovered:
D:1:      ebering_trefoil_twist, layout_basic, minmay_domino_2
D:2:      layout_loops_ring, basic_altar
D:3:      layout_loops_corners, overflow_temple_1_default, minmay_fountain_box,
          uniq_crazy_yiuf_cottage, uniq_grinder, uniq_sigmund, uniq_robin,
          uniq_ijyb

Skill      XL: |  1  2  3 |
---------------+----------+-----
Stealth        | 1 |  1.0
Fighting       | 3 |  3.0
Ice Magic      | 1 |  1.3
Shapeshifting  | 1 |  1.6
Polearms       | |  2.0
Throwing       | |  1.0
Armour         | |  1.1
Dodging        | |  1.7
Spellcasting   | |  2.8
Translocations | |  2.6

Action                     |  1- 3 |  4- 6 || total
---------------------------+-------+-------++-------
  Melee: Spear             |    71 |       ||    71
         Trident           |    20 |    16 ||    36
         Quarterstaff      |       |    18 ||    18
  Throw: Dart              |     6 |       ||     6
    Use: Potion            |     2 |       ||     2
         Scroll            |     3 |     1 ||     4
   Stab: Sleeping          |     3 |       ||     3
 Armour: Leather armour    |    50 |    19 ||    69
  Dodge: Dodged            |    36 |    16 ||    52
   Form: Beast             |     1 |       ||     1

Table legend: (Time is in decaauts)
 A = Elapsed time spent in this place.
 B = Non-inter-level travel time spent in this place.
 C = Inter-level travel time spent in this place.
 D = Time resting spent in this place.
 E = Time spent auto-exploring this place.
 F = Levels seen in this place.
 G = Mean time per level.
                   A        B        C        D        E       F      G
               +--------+--------+--------+--------+--------+-----+--------+
         Total |   1673 |   1506 |    167 |     20 |   1130 |   3 |  557.7 |
       Dungeon |   1673 |   1506 |    167 |     20 |   1130 |   3 |  557.7 |
               +--------+--------+--------+--------+--------+-----+--------+

Top non-repeatable levels by time:
     D:1: 872 daAuts
     D:2: 783 daAuts
     D:3: 17 daAuts
